 Dungeon Crawl Stone Soup version 0.20-a0-629-gc37eb77 (webtiles) character file.

11 Alarkh the Grave Robber (level 2, -2/19 HPs)
             Began as a Mummy Necromancer on Feb 10, 2017.
             Slain by a goblin
             ... wielding a +4 dagger
              (6 damage)
             ... on level 1 of the Dungeon.
             The game lasted 00:00:32 (341 turns).

Alarkh the Grave Robber (Mummy Necromancer)          Turns: 341, Time: 00:00:34

Health: -2/19      AC:  2    Str: 11    XL:     2   Next: 13%
Magic:  4/6        EV: 12    Int: 14    God:
Gold:   0          SH:  0    Dex: 12    Spells: 6/7 levels left

rFire    x . .     SeeInvis .   c - +0 short sword
rCold    + . .     Gourm    .   a - +0 robe
rNeg     + + +     Faith    .   (no shield)
rPois    ∞         Spirit   .   (no helmet)
rElec    .         Reflect  .   (no cloak)
rCorr    .         Harm     .   (no gloves)
MR       .....                  (no boots)
Stlth    ++........             (no amulet)
Regen    0.1/turn               (no ring)
                                (no ring)

@: no status effects
A: no food or potions, fire vulnerability, cold resistance 1, negative energy
resistance 3, torment resistance, unbreathing
a: no special abilities


You were on level 1 of the Dungeon.
You were not hungry.

You visited 1 branch of the dungeon, and saw 2 of its levels.

Inventory:

Hand Weapons
 c - a +0 short sword (weapon)
Armour
 a - a +0 robe (worn)
Scrolls
 d - a scroll of noise {unknown}
Books
 b - a book of Necromancy

   Spells                             Type                      Level
   a - Pain                           Necromancy                   1
   b - Animate Skeleton               Necromancy                   1
   c - Vampiric Draining              Necromancy                   3
   d - Regeneration                   Charms/Necromancy            3
   e - Animate Dead                   Necromancy                   4
   f - Control Undead                 Necromancy                   4


   Skills:
 - Level 1.5 Dodging
 - Level 1.5 Stealth
 + Level 3.4 Spellcasting
 + Level 4.1 Necromancy


You had 6 spell levels left.
You knew the following spells:

 Your Spells              Type           Power        Failure   Level  Hunger
a - Pain                  Necr           ##..         3%          1    N/A

Dungeon Overview and Level Annotations

Branches:
Dungeon (2/15)

Altars:

Annotations:
D:1 exclusion: downstairs


Innate Abilities, Weirdness & Mutations

You do not eat or drink.
Your flesh is vulnerable to fire.
You are immune to poison.
Your flesh is cold resistant. (rC+)
You are immune to negative energy. (rN+++)
You are immune to unholy pain and torment.
You can survive without breathing.


Message History

You are too injured to fight recklessly!
You are too injured to fight recklessly!
You are too injured to fight recklessly!
Casting: Pain
Confirm with . or Enter, or press ? or * to list all spells.
Aiming: Pain
Press: ? - help, Shift-Dir - straight line, f - goblin
Aim: a goblin, wielding an enchanted dagger (chance to defeat MR: 85%)
The goblin writhes in agony!
The goblin hits you with an enchanted dagger.
* * * LOW HITPOINT WARNING * * *
The frilled lizard misses you.
Casting: Pain
Confirm with . or Enter, or press ? or * to list all spells.
Aiming: Pain
Press: ? - help, Shift-Dir - straight line, f/p - goblin
Aim: a goblin, wielding an enchanted dagger (moderately wounded, chance to defeat MR: 85%)
The goblin barely resists.
The goblin hits you with an enchanted dagger.
You die...

#.g .# #.# #.# #. ##.##.#
#..%.......# #.# #)# #.
#..#..# #..........#
#.####.# #. $.lK.#
#..........# #......# #.
#.# +..........# #......#
#. ##.#######..........#
#....%.####
.........+....r.....#
#.####.....
.#########.....l....###.#
#.#### .# #g@....##.# ###
.# #.?....##.# .#
#......##.# .#
.#......##.# .#
#.........#.# .#
#.........#.# .#
#....####...# .# #....#
##..# .# #.### #..#


You could see a goblin, a frilled lizard and a rat.

Vanquished Creatures
  A dart slug (D:1)
  A goblin (D:1)
  2 hobgoblins
  A kobold (D:1)
  2 bats
  A frilled lizard (D:1)
  A rat (D:2)
9 creatures vanquished.

Notes
Turn   | Place    | Note
-------+----------+-------------------------------------------
     0 | D:1      | Alarkh the Mummy Necromancer began the quest for the Orb.
     0 | D:1      | Reached XP level 1. HP: 13/13 MP: 4/4
   156 | D:1      | Reached XP level 2. HP: 16/19 MP: 3/6
   341 | D:1      | Slain by a goblin

Vault maps used:
D:1:      grunt_arrival_lava_bath, minmay_close_crescents

Skill      XL: |  1 |
---------------+----+-----
Spellcasting   | 3 |  3.4
Dodging        | |  1.5
Stealth        | |  1.5
Necromancy     | |  4.1

Action                   || total
-------------------------++-------
Melee: Short sword       ||    14
       Unarmed           ||     3
 Cast: Pain              ||    11
 Stab: Sleeping          ||     1
Armor: Robe              ||     7
Dodge: Dodged            ||    23
